Map: Ulrena

Players

fahuli

  • Race: Terran Terran
  • League: Gold
  • Spawn Location: 11:00

zidar - Winner!

  • Race: Zerg Zerg
  • League: Gold
  • Spawn Location: 7:00

VOD

Have the link to the VOD?

Description

Time

  • Played on: June 17, 2016, 4:15 p.m.
  • Length: 18:23
Show
View Real Time Build Order
Export as new Build Order

fahuli Terran 

Build Orders:  

Get SALT Encoding   

  12  0:01  SCV  
  13  0:13  SCV  
  14  0:18  Supply Depot  
  14  0:25  SCV  
  15  0:39  SCV  
  15  0:40  Barracks  
  16  0:51  SCV  
  17  0:59  Barracks  
  17  1:05  SCV  
  18  1:17  Barracks, SCV  
  19  1:29  Marine  
  19  1:30  Supply Depot  
  19  1:32  SCV  
  21  1:47  Orbital Command  
  21  1:48  Marine  
  22  1:55  Marine  
  22  1:56  Refinery  
  23  2:06  Barracks  
  23  2:07  Marine  
  24  2:12  SCV  
  24  2:15  Marine  
  26  2:16  Marine  
  27  2:25  Marine  
  27  2:28  SCV  
  29  2:33  Marine  
  29  2:34  Marine  
  31  2:51  Supply Depot  
  31  2:53  Barracks Tech Lab  
  31  2:55  Barracks Tech Lab  
  31  3:04  Supply Depot  
  31  3:13  Marine x2  
  31  3:14  Command Center  
  31  3:16  Marine x2  
  35  3:24  Stimpack  
  35  3:30  Marine x2  
  37  3:41  Marine x2  
  38  3:47  SCV  
  39  3:48  Marine  
  39  3:55  Refinery  
  40  3:56  Marine  
  40  3:58  Marine  
  30  4:19  Combat Shield  
  30  4:21  Marine x3  
  30  4:22  Marine  
  34  4:27  Orbital Command  
  34  4:33  Bunker  
  34  4:37  Factory  
  34  4:39  Marine x3, SCV  
  38  4:54  Orbital Command  
  38  5:21  Factory Tech Lab  
  38  5:23  Starport  
  38  5:33  Barracks Reactor, Bunker  
  38  5:35  Barracks Reactor  
  38  5:38  Marauder x2  
  44  5:44  SCV  
  44  5:45  SCV  
  44  5:49  Widow Mine  
  46  5:54  Supply Depot  
  46  6:00  Medivac  
  48  6:22  Orbital Command  
  48  6:37  Bunker  
  48  6:50  Siege Tank  
  48  6:51  Medivac  
  53  6:57  Marine x5  
  53  6:58  Marine, Engineering Bay  
  53  7:00  Engineering Bay  
  59  7:06  Concussive Shells  
  59  7:11  SCV x2  
  61  7:22  Siege Tank  
  64  7:23  SCV  
  64  7:24  SCV, Supply Depot  
  64  7:27  Supply Depot  
  64  7:29  Bunker  
  66  7:41  Marauder x2  
  70  7:45  Marine x4  
  74  7:52  Supply Depot  
  74  7:57  Supply Depot  
  74  8:03  Marine  
  75  8:13  SCV x2  
  75  8:14  Marine x2, Marauder x2  
  75  8:15  Marine  
  86  8:21  Marine  
  86  8:23  Widow Mine  
  87  8:32  SCV x2  
  88  8:36  Marauder  
  88  8:40  Supply Depot  
  90  8:43  Supply Depot  
  90  8:44  SCV  
  90  8:45  SCV  
  92  8:54  Terran Infantry Weapons Level 1  
  92  8:56  SCV  
  92  8:57  SCV  
  92  8:58  Terran Infantry Armor Level 1  
  94  9:07  Armory  
  94  9:09  SCV  
  95  9:10  Supply Depot  
  95  9:25  Supply Depot  
  95  9:26  Barracks Reactor  
  95  9:27  Supply Depot  
  86  9:33  Supply Depot  
  86  9:47  Missile Turret  
  84  9:53  Missile Turret  
  84  9:58  Missile Turret x2  
  84  10:03  Missile Turret  
  84  10:05  Missile Turret  
  84  10:06  Refinery, Liberator  
  84  10:08  Refinery  
  84  10:09  Missile Turret  
  84  10:16  Supply Depot  
  84  10:19  Marine x5, Supply Depot  
  84  10:20  Marauder  
  91  10:21  Siege Tank  
  91  10:23  Medivac  
  99  10:37  Marine x3  
  99  10:38  Marauder  
  104  10:52  Barracks  
  104  10:53  Terran Infantry Weapons Level 2  
  104  10:56  Starport  
  104  11:04  Terran Infantry Armor Level 2  
  104  11:21  Command Center  
  104  11:33  Barracks  
  104  11:35  Liberator  
  104  11:36  Starport Tech Lab  
  104  11:41  Fusion Core  
  104  11:42  Liberator  
  104  11:52  Medivac  
  109  11:55  Barracks Tech Lab  
  112  12:02  Marine x3  
  112  12:03  Marine x3  
  120  12:09  Widow Mine  
  120  12:28  Refinery x2  
  120  12:48  Sensor Tower  
  120  13:07  Missile Turret  
  120  13:15  Marauder  
  120  13:16  Marine x4, Marauder x2  
  130  13:22  Planetary Fortress  
  130  13:28  Missile Turret  
  130  13:33  Marine  
  131  13:37  Marauder  
  131  13:38  SCV x2  
  135  13:49  Missile Turret  
  135  13:50  SCV x2  
  137  14:02  SCV x2  
  139  14:14  Advanced Ballistics  
  147  14:17  Marine x4, Marauder x3  
  147  14:18  Widow Mine  
  151  14:35  Marine x3  
  156  14:38  Marauder  
  156  14:43  SCV x3  
  156  14:44  Marine, Marauder x2  
  166  14:47  Widow Mine  
  166  14:50  Terran Infantry Weapons Level 3, Terran Infantry Armor Level 3  
  166  14:51  Terran Vehicle Weapons Level 1  
  166  14:52  Marine  
  166  14:53  Marine  
  166  14:54  Ghost Academy  
  166  14:59  Marauder  
  170  15:06  Marauder  
  174  15:07  Marine x2, Marauder  
  176  15:21  Marauder  
  178  15:27  Marauder  
  167  15:37  Marauder  
  167  15:38  Marine x4  
  167  15:41  Ghost  
  173  15:48  Ghost  
  175  15:56  Marine x2  
  177  15:57  Ghost  
  179  16:15  Sensor Tower  
  179  16:23  Command Center  
  179  16:36  Marauder x3  
  179  16:37  Marine  
  179  16:38  Marine x3  
  189  16:53  Supply Depot  
  189  16:57  Marine  
  189  16:58  Marauder, Supply Depot  
  189  16:59  Marauder, Siege Tank  
  189  17:00  Marauder  
  174  17:17  Supply Depot  
  174  17:21  Marauder  
  176  17:24  Supply Depot  
  176  17:31  Siege Tank  
  176  17:33  SCV  
  176  17:34  SCV x2  
  182  17:46  SCV  
Show
View Real Time Build Order
Export as new Build Order

zidar Zerg - Winner!

Build Orders: Hatch First, Muta Ling Bane 

Get SALT Encoding   

  12  0:01  Drone  
  13  0:12  Overlord  
  13  0:17  Drone  
  14  0:30  Drone x2  
  16  0:51  Hatchery  
  16  0:53  Drone  
  16  0:56  Extractor  
  15  1:00  Drone  
  16  1:15  Spawning Pool  
  15  1:19  Drone  
  16  1:31  Drone  
  17  1:36  Drone  
  17  1:37  Drone  
  19  1:48  Overlord  
  19  2:02  Queen  
  19  2:03  Queen  
  23  2:09  Metabolic Boost  
  23  2:16  Drone x2  
  25  2:24  Zergling x4  
  25  2:28  Zergling x2  
  28  2:36  Drone x3  
  31  2:45  Overlord  
  31  2:48  Drone  
  31  2:49  Drone  
  33  2:56  Baneling Nest  
  32  3:12  Extractor  
  31  3:14  Drone x2  
  33  3:20  Zergling x6  
  36  3:28  Spine Crawler  
  26  3:43  Zergling x2  
  26  3:44  Zergling x14  
  33  3:51  Queen  
  33  3:53  Zergling x2  
  32  4:17  Overlord x3  
  32  4:38  Baneling  
  32  4:39  Baneling  
  32  4:42  Baneling x2  
  32  4:48  Baneling  
  32  4:50  Zergling x2  
  32  4:51  Zergling x10  
  38  4:59  Lair  
  37  5:20  Zergling x8  
  41  5:29  Zergling x10  
  41  5:34  Baneling x2  
  41  5:35  Baneling  
  46  5:45  Drone x2  
  48  6:05  Drone x3  
  51  6:13  Overlord x3  
  51  6:19  Centrifical Hooks  
  51  6:47  Spire  
  51  6:48  Drone x8  
  51  6:49  Drone  
  59  7:06  Evolution Chamber  
  58  7:08  Evolution Chamber  
  58  7:11  Extractor, Drone x5  
  58  7:15  Drone x2  
  63  7:19  Overlord  
  63  7:34  Baneling x4  
  63  7:37  Zergling x2  
  63  7:38  Zergling x12  
  63  7:43  Zerg Melee Weapons Level 1  
  70  7:52  Extractor  
  70  7:53  Drone x5  
  74  8:10  Overlord x3  
  74  8:11  Overlord  
  74  8:13  Zerg Ground Armor Level 1  
  73  8:34  Mutalisk x6  
  73  8:38  Zergling x2  
  73  8:39  Zergling x2  
  87  9:05  Hatchery  
  86  9:10  Zerg Flyer Weapons Level 1  
  86  9:12  Mutalisk x3  
  92  9:55  Baneling x3  
  92  9:56  Baneling x12  
  92  9:59  Zergling x16  
  103  10:00  Zergling x16  
  103  10:04  Overlord x2  
  103  10:06  Zerg Melee Weapons Level 2  
  107  10:22  Zerg Ground Armor Level 2  
  107  10:34  Drone x5  
  107  10:35  Drone  
  113  10:38  Drone x2  
  115  10:46  Hatchery  
  114  10:51  Queen  
  114  10:53  Drone x6  
  122  11:04  Infestation Pit  
  122  11:06  Overseer  
  121  11:14  Drone x3  
  121  11:15  Drone x4  
  121  11:16  Drone  
  129  11:57  Overlord x3  
  129  11:58  Overlord x4  
  129  12:03  Hive  
  129  12:06  Zerg Flyer Weapons Level 2  
  129  12:15  Extractor  
  128  12:18  Extractor  
  127  12:29  Drone x2  
  129  12:32  Drone  
  129  12:33  Zergling x14  
  129  12:34  Zergling x10  
  142  12:40  Pneumatized Carapace  
  142  12:49  Corruptor x3  
  142  12:50  Corruptor x3  
  142  12:51  Corruptor  
  154  12:55  Zergling x4  
  154  12:58  Baneling x16  
  158  13:22  Adrenal Glands  
  158  13:23  Zerg Ground Armor Level 3  
  158  14:06  Overseer  
  158  14:55  Zerg Melee Weapons Level 3  
  158  14:56  Ultralisk Cavern  
  157  15:04  Extractor  
  156  15:09  Extractor  
  147  15:42  Drone x3  
  150  15:47  Drone  
  150  15:48  Drone x4  
  150  15:49  Drone x6  
  161  16:08  Ultralisk  
  161  16:09  Ultralisk x2  
  179  16:18  Chitinous Plating  
  179  16:29  Overlord x2  
  179  16:30  Overlord x2  
  159  17:08  Ultralisk x2  
  159  17:09  Ultralisk x4  
  159  17:10  Ultralisk x2  
  159  17:14  Zergling x2  
  159  17:15  Zergling x6  
  199  17:44  Hatchery  
Tags
 
Composition
Muta Ling Bane
League
GoldGold
Matchup
TvZ
Spawn Locations
Close Positions
Add a new tag
Caveats
  • Supply blocks, unpowered buildings, or Contaminate may cause inaccurate times.
  • Supply counts are checked every 10 seconds.